AoeStats
← Charlitos22

MegaRandom

506484299Analyzed
1v1 RM · 20d ago on Sep 13, 2026· 27m 4s· 2 players
Game mode
Random Map
Map size
Tiny (2 player)
Population
200
Speed
Normal
Resources
Standard
Victory
Conquest
Starting age
Dark Age
Ending age
Imperial Age
RankedLock teamsTeams togetherTeam positionsShared explorationLock speedFull tech treeHidden civsTurbo modeCheats
Victory
Defeat
🇿🇦 Huns · South Africa
650
+17
🇨🇱 Aztecs · Chile
673
-17
robpeche88
2:09 Loom
11:22 Feudal Age
11:49 Double-Bit Axe
11:47 Horse Collar
16:38 Wheelbarrow
16:25 Man-at-Arms
19:50 Scale Mail Armor
19:52 Padded Archer Armor
19:42 Fletching
20:05 Forging
23:26 Arson
27:37 Castle Age
Charlitos22
5:59 Loom
13:00 Feudal Age
14:02 Town Watch
14:19 Double-Bit Axe
14:39 Man-at-Arms
15:24 Gold Mining
16:19 Horse Collar
18:52 Forging
21:40 Fletching
Connection lost

Rejoining the realm…

Still unreachable

The connection could not be restored.

Session expired

The server has moved on; the page needs a fresh start.